 Dungeon Crawl Stone Soup version 0.23.2-40-g277498a001 (webtiles) character file.

Game seed: 11966965987730793152

1022 issac the Shield-Bearer (level 8, 0/54 HPs)
             Began as a Halfling Fighter on Sept 28, 2019.
             Was a Follower of Nemelex Xobeh.
             Killed from afar by a kobold (17 damage)
             ... with an exploding inner flame
             ... hexed by the player character
             ... on level 7 of the Dungeon.
             The game lasted 00:22:18 (4674 turns).

issac the Shield-Bearer (Halfling Fighter)          Turns: 4674, Time: 00:22:19

Health: 0/54       AC: 17    Str: 19    XL:     8   Next: 46%
Magic:  8/8        EV: 14    Int:  6    God:    Nemelex Xobeh [*.....]
Gold:   207        SH: 11    Dex: 14    Spells: 7/7 levels left

rFire    . . .     SeeInvis .   l - +0 dagger (protect)
rCold    . . .     Gourm    .   c - +0 shield
rNeg     . . .     Faith    .   u - +1 acid dragon scales
rPois    .         Spirit   .   (no helmet)
rElec    .         Reflect  .   (no cloak)
rCorr    +         Harm     .   k - +0 pair of gloves
MR       .....                  B - +0 pair of boots
Stlth    +.........             (no amulet)
HPRegen  0.18/turn              (no ring)
MPRegen  0.11/turn              (no ring)

@: protection aura
A: small, mutation resistance 1
a: Draw Escape, Draw Destruction, Draw Summoning, Renounce Religion


You were on level 7 of the Dungeon.
You worshipped Nemelex Xobeh.
Nemelex Xobeh was aware of your devotion.
You were hungry.

You visited 1 branch of the dungeon, and saw 7 of its levels.

You collected 207 gold pieces.

Inventory:

Hand Weapons
 a - a +0 rapier
 l - a +0 dagger of protection (weapon)
Missiles
 e - 127 stones (quivered)
Armour
 b - a +0 scale mail
 c - a +0 shield (worn)
 k - a +0 pair of gloves (worn)
 u - +1 acid dragon scales (worn)
 B - a +0 pair of boots (worn)
Jewellery
 j - an uncursed ring of protection from cold
 r - a +2 ring of dexterity {unknown}
 y - an uncursed ring of positive energy {unknown}
Wands
 v - a wand of scattershot (3)
 C - a wand of flame (10)
 D - a wand of random effects (18)
Scrolls
 g - 2 scrolls of immolation
 i - a scroll of enchant weapon {unknown}
 m - 2 scrolls of noise
 p - 2 scrolls of remove curse
Potions
 d - a potion of heal wounds
 h - a potion of agility {unknown}
 n - a potion of curing
 o - a potion of brilliance {unknown}
 t - a potion of mutation {unknown}
 x - a potion of flight {unknown}
 z - 2 potions of cancellation {unknown}
Comestibles
 f - 9 rations


   Skills:
 + Level 3.8 Fighting
 + Level 5.7 Short Blades
 + Level 4.8 Armour
 + Level 4.0 Dodging
 + Level 0.1 Stealth
 + Level 7.0 Shields


You had 7 spell levels left.
You didn't know any spells.
Your spell library was empty.

Dungeon Overview and Level Annotations

Branches:
Dungeon (8/15)
 Temple: D:4-7         Lair: D:8-11

Altars:
Cheibriados
Dithmenos
Fedhas
Nemelex Xobeh
Qazlal
Wu Jian
Xom
Yredelemnul
Zin

Shops:
D:5 }

Annotations:
D:8 Pikel


Innate Abilities, Weirdness & Mutations

You are small and have problems with some larger weapons.
You are somewhat resistant to further mutation.


Message History

You barely miss the kobold. You block the kobold's attack. The kobold hits you.
You hit the kobold but do no damage. The big kobold barely misses you.
You block the kobold's attack. The kobold closely misses you.
You hit the kobold.
The kobold is heavily wounded.
The kobold misses you. The big kobold misses you. The kobold misses you.
The kobold barely misses you.
You hit the kobold.
The kobold explodes!
The fiery explosion engulfs the kobold!!
The kobold explodes!
The fiery explosion engulfs the big kobold!
The big kobold is heavily wounded.
The fiery explosion engulfs the kobold!!
The kobold explodes!
The fiery explosion engulfs the kobold!
The kobold explodes!
The fiery explosion engulfs you. The fiery explosion engulfs you!
You die...
Your body disappears without a glow.

...... # #.......# #..
###### ##...#..#
###.....# #.# #.....
...)... #.....###.#
#.....
#...#.########.......#
#.....
#.#.#..........#######
#..... #.#............#
##.....###.#.#..........#
.......K(....#§K##......#
##.....#####.§§§@#......#
#..... #.§§§§#......#
#..... #..§##########
###### #..># #####


You could see a big kobold (inner flame).

Vanquished Creatures
  A sky beast (D:5)
  A necrophage (D:5)
  2 bullfrogs
  2 scorpions (D:4)
  A howler monkey (D:5)
  A bullfrog zombie (D:5)
  A hound (D:5)
  2 orc wizards
  Jessica (D:2)
  Ijyb (D:3)
  2 worker ants (D:5)
  2 hound zombies (D:5)
  Robin (D:2)
  10 adders
  3 gnolls (D:5)
  An ooze (D:1)
  A worm (D:2)
  2 dart slugs
  4 leopard geckos
  15 orcs
  2 ball pythons
  5 giant cockroaches
  13 goblins
  12 hobgoblins
  10 jackals
  7 kobolds
  2 quokkas
  12 bats
  6 frilled lizards
  A jackal zombie (D:7)
  A leopard gecko zombie (D:5)
  4 rats
129 creatures vanquished.

Vanquished Creatures (collateral kills)
  A scorpion (D:4)
  A worker ant (D:4)
  A leopard gecko (D:4)
  2 orcs (D:4)
5 creatures vanquished.

Vanquished Creatures (others)
  A gnoll (D:5)
  A fungus (D:4)
  2 plants (D:5)
4 creatures vanquished.

Grand Total: 138 creatures vanquished

Notes
Turn   | Place    | Note
-------+----------+-------------------------------------------
     0 | D:1      | issac the Halfling Fighter began the quest for the Orb.
     0 | D:1      | Reached XP level 1. HP: 15/15 MP: 1/1
    35 | D:1      | Reached XP level 2. HP: 18/20 MP: 2/2
   477 | D:2      | Reached XP level 3. HP: 17/25 MP: 3/3
   903 | D:2      | Noticed Jessica
   913 | D:2      | Killed Jessica
   913 | D:2      | Reached XP level 4. HP: 25/31 MP: 4/4
   915 | D:2      | Noticed Robin
   984 | D:2      | Killed Robin
  1499 | D:2      | Reached skill level 1 in Dodging
  1985 | D:3      | Reached XP level 5. HP: 33/36 MP: 5/5
  1994 | D:3      | Reached skill level 4 in Shields
  2078 | D:3      | Noticed Ijyb
  2133 | D:3      | Killed Ijyb
  2614 | D:3      | Found a glowing silver altar of Zin.
  2615 | D:3      | Found a sparkling altar of Nemelex Xobeh.
  2624 | D:3      | Became a worshipper of Nemelex Xobeh the Trickster
  2641 | D:3      | Received a gift from Nemelex Xobeh
  2871 | D:4      | Reached XP level 6. HP: 42/42 MP: 6/6
  3010 | D:4      | Found an ornate altar of the Wu Jian Council.
  3020 | D:4      | Found a shimmering altar of Xom.
  3022 | D:4      | Found a basalt altar of Yredelemnul.
  3025 | D:4      | Found a blossoming altar of Fedhas.
  3081 | D:4      | Received a gift from Nemelex Xobeh
  3134 | D:4      | Found a snail-covered altar of Cheibriados.
  3402 | D:4      | Found a shadowy altar of Dithmenos.
  3441 | D:4      | Reached skill level 5 in Shields
  3521 | D:4      | Reached XP level 7. HP: 22/46 MP: 7/7
  3816 | D:5      | Entered Level 5 of the Dungeon
  3899 | D:5      | Reached skill level 6 in Shields
  3914 | D:5      | Reached skill level 5 in Short Blades
  3914 | D:5      | Reached XP level 8. HP: 30/54 MP: 8/8
  3956 | D:5      | Reached * piety under Nemelex Xobeh
  4125 | D:5      | Found Vemoy's Gadget Shop.
  4358 | D:5      | Reached skill level 7 in Shields
  4460 | D:5      | Found a stormy altar of Qazlal.
  4582 | D:5      | You fall through a shaft for 3 floors!
  4582 | D:8      | Received a gift from Nemelex Xobeh
  4582 | D:8      | Noticed Pikel
  4582 | D:8      | Noticed a hippogriff
  4640 | D:7      | Noticed a wyvern
  4674 | D:7      | Killed from afar by a kobold

Skill      XL: |  1  2  3  4  5  6  7  8 |
---------------+-------------------------+-----
Armour         | 4 |  4.8
Fighting       | 3 |  3.8
Short Blades   | 3 4 5 |  5.7
Dodging        | 1 3 4 |  4.0
Shields        | 4 5 6 7 |  7.0
Stealth        | |  0.1

Action                   |  1- 3 |  4- 6 |  7- 9 || total
-------------------------+-------+-------+-------++-------
Melee: Rapier            |    73 |    40 |       ||   113
       Dagger            |       |   400 |   454 ||   854
 Abil: Draw Destruction  |       |     5 |     5 ||    10
       Draw Summoning    |       |     1 |     1 ||     2
       Draw Escape       |       |       |     2 ||     2
Evoke: Wand              |       |       |     2 ||     2
  Use: Scroll            |       |     7 |     5 ||    12
       Potion            |       |     1 |     3 ||     4
  Eat: Chunk             |       |     8 |     5 ||    13
Armor: Scale mail        |    26 |    44 |       ||    70
       Acid dragon scale |       |    92 |   174 ||   266
Dodge: Dodged            |    31 |   188 |   223 ||   442
Block: Shield            |    24 |   261 |   293 ||   578
